details: 'pink is a little too lippy'

« prev index next »

General information

Mini Map

Players

team 1
Random» OrcCraigH (blue | 30 APM | 1425 actions | 46:56)
Hero icon 5 Blademaster
Ability icon 2 Critical Strike
Ability icon 2 Wind Walk
Ability icon 1 Mirror Image

» actions
Basic commands6
Build / train46
Enter build submenu20
Enter hero's abilities submenu5
Remove unit from queue1
Right click1057
Select / deselect232
Use ability58
1425 total
» units
Peon11
Grunt2
Troll Headhunter/Berserker6
Troll Batrider5
24 total
» upgrades
Armor1
Liquid Fire1
Witch Doctor Training1
Berserker Upgrade1
4 total
» buildings
Orc Burrow5
Altar of Storms2
Barracks1
War Mill1
Voodoo Lounge1
Watch Tower5
Stronghold1
Great Hall1
Fortress1
Spirit Lodge1
Beastiary1
Arcane Tower1
21 total
» build order
00:28 Orc Burrow
00:33 Altar of Storms
01:12 Barracks
01:37 War Mill
01:55 Voodoo Lounge
02:05 Orc Burrow
03:08 Watch Tower
03:19 Watch Tower
04:17 Stronghold
04:22 Orc Burrow
05:40 Orc Burrow
05:54 Watch Tower
06:18 Great Hall
06:54 Watch Tower
07:15 Fortress
08:44 Spirit Lodge
08:50 Beastiary
09:39 Watch Tower
12:10 Arcane Tower
15:15 Orc Burrow
15:29 Altar of Storms
» items
Healing Salve4
Potion of Healing1
Orb of Lightning1
Potion of Mana1
Lesser Clarity Potion1
8 total
Orcorgrimmar.d (yellow | 49 APM | 2286 actions | 46:56)
Hero icon 7 Dark Ranger
Ability icon 3 Black Arrow
Ability icon 3 Silence
Ability icon 1 Charm

» actions
Assign group hotkey47
Basic commands2
Build / train73
Enter build submenu18
Enter hero's abilities submenu7
Give item / drop item4
Right click953
Select / deselect299
Select group hotkey801
Use ability82
2286 total
» units
Peon16
Grunt2
Troll Batrider17
Wind Rider7
42 total
» upgrades
Ranged Weapons3
Reinforced Defenses1
Liquid Fire1
Envenomed Spears1
Armor1
7 total
» buildings
Barracks1
Orc Burrow8
Altar of Storms1
Voodoo Lounge1
Stronghold1
War Mill2
Watch Tower23
Fortress1
Beastiary2
Great Hall1
41 total
» build order
00:09 Barracks
00:17 Orc Burrow
00:38 Altar of Storms
01:47 Orc Burrow
02:03 Voodoo Lounge
03:05 Stronghold
03:37 Orc Burrow
04:04 War Mill
05:39 Watch Tower
05:40 Watch Tower
05:41 Watch Tower
05:42 Watch Tower
05:43 Watch Tower
05:44 Watch Tower
05:45 Watch Tower
06:40 War Mill
07:19 Watch Tower
07:20 Watch Tower
07:21 Watch Tower
07:21 Watch Tower
08:54 Fortress
09:00 Watch Tower
09:00 Watch Tower
09:02 Watch Tower
09:02 Watch Tower
09:02 Watch Tower
09:04 Watch Tower
09:05 Watch Tower
09:07 Watch Tower
09:07 Watch Tower
09:07 Watch Tower
09:08 Watch Tower
09:09 Watch Tower
09:33 Beastiary
10:11 Beastiary
10:51 Orc Burrow
10:52 Orc Burrow
11:59 Orc Burrow
30:26 Orc Burrow
30:26 Orc Burrow
40:17 Great Hall
» items
Healing Salve4
Potion of Invisibility2
Potion of Lesser Invulnerability3
Scroll of Town Portal1
Orb of Lightning1
Staff of Teleportation1
Potion of Healing1
Potion of Mana1
14 total
Random» afk-if-not-orc (purple | 4 APM | 169 actions | 46:56)

» actions
ESC pressed2
Enter build submenu4
Right click56
Select / deselect104
Use ability3
169 total
» buildings
Scout Tower2
2 total
» build order
09:48 Scout Tower
13:37 Scout Tower
Humanfdb (red | 23 APM | 164 actions | 07:13)

» actions
Basic commands24
Build / train2
Enter build submenu2
Right click59
Select / deselect71
Use ability6
164 total
» buildings
Scout Tower3
Lumber Mill1
Guard Tower2
6 total
» build order
01:44 Scout Tower
01:44 Scout Tower
01:46 Scout Tower
01:55 Lumber Mill
02:59 Guard Tower
03:27 Guard Tower
team 2
Random» UndeadveLhinhObr (pink | 26 APM | 1195 actions | 46:00)
Hero icon 5 Death Knight
Ability icon 3 Death Coil
Ability icon 2 Death Pact
Hero icon 1 Priestess of the Moon
Ability icon 1 Trueshot Aura

» actions
Assign group hotkey30
Basic commands112
Build / train67
Enter build submenu30
Enter hero's abilities submenu7
Remove unit from queue1
Right click231
Select / deselect288
Select group hotkey380
Use ability49
1195 total
» units
Acolyte4
Ghoul3
Crypt Fiend8
Huntress1
Frost Wyrm6
Wisp3
Hippogryph2
Chimaera9
36 total
» upgrades
Creature Attack3
Web1
Creature Carapace2
Strength of the Wild2
Reinforced Hides2
Freezing Breath1
Corrosive Breath1
12 total
» buildings
Ziggurat8
Altar of Darkness1
Crypt1
Graveyard1
Nerubian Tower1
Tomb of Relics1
Halls of the Dead2
Black Citadel1
Sacrificial Pit1
Tree of Eternity1
Ancient of Wind1
Boneyard2
Moon Well4
Chimaera Roost2
Necropolis2
Spirit Tower3
32 total
» build order
00:15 Ziggurat
00:20 Altar of Darkness
00:42 Crypt
01:00 Graveyard
01:10 Nerubian Tower
01:33 Ziggurat
01:51 Tomb of Relics
03:08 Halls of the Dead
04:33 Ziggurat
05:31 Black Citadel
05:35 Sacrificial Pit
07:37 Tree of Eternity
07:39 Ancient of Wind
07:53 Boneyard
07:54 Boneyard
08:21 Ziggurat
08:46 Moon Well
08:51 Ziggurat
10:05 Chimaera Roost
10:08 Chimaera Roost
10:13 Moon Well
11:18 Moon Well
12:20 Ziggurat
15:09 Moon Well
15:30 Ziggurat
21:58 Necropolis
24:28 Necropolis
24:35 Halls of the Dead
25:19 Ziggurat
37:50 Spirit Tower
37:59 Spirit Tower
37:59 Spirit Tower
» items
Scroll of Town Portal1
Scroll of Protection1
Scroll of Speed1
3 total
HumanRedBaron (green | 52 APM | 2434 actions | 46:56)
Hero icon 6 Archmage
Ability icon 3 Summon Water Elemental
Ability icon 2 Brilliance Aura
Ability icon 1 Mass Teleport

» actions
Assign group hotkey208
Basic commands207
Build / train80
Enter build submenu34
Enter hero's abilities submenu6
Give item / drop item8
Remove unit from queue2
Right click1104
Select / deselect466
Select group hotkey184
Use ability134
2434 total
» units
Peasant21
Footman8
Gryphon Rider17
46 total
» upgrades
Defend1
Lumber Harvesting2
Masonry1
Swords3
Armor3
Storm Hammers1
Magic Sentry1
Animal War Training1
13 total
» buildings
Farm8
Altar of Kings1
Barracks1
Keep1
Town Hall2
Arcane Vault1
Lumber Mill2
Gryphon Aviary8
Tree of Life1
Castle1
Blacksmith2
Scout Tower8
Guard Tower2
Arcane Sanctum1
39 total
» build order
00:52 Farm
00:56 Altar of Kings
01:00 Barracks
01:06 Farm
02:10 Farm
02:44 Farm
04:02 Keep
04:19 Town Hall
04:31 Arcane Vault
05:42 Lumber Mill
06:49 Gryphon Aviary
06:51 Gryphon Aviary
07:20 Tree of Life
09:04 Castle
10:06 Gryphon Aviary
10:06 Gryphon Aviary
11:28 Blacksmith
11:29 Blacksmith
11:36 Town Hall
13:11 Farm
13:11 Farm
14:44 Scout Tower
14:44 Scout Tower
14:45 Scout Tower
14:45 Scout Tower
14:46 Scout Tower
14:46 Scout Tower
14:47 Scout Tower
15:02 Farm
15:25 Guard Tower
15:49 Farm
16:00 Guard Tower
16:21 Lumber Mill
23:43 Arcane Sanctum
41:42 Gryphon Aviary
41:42 Gryphon Aviary
41:42 Gryphon Aviary
41:48 Gryphon Aviary
» items
Scroll of Regeneration2
Staff of Teleportation1
Dust of Appearance2
Scroll of Town Portal1
Periapt of Vitality1
7 total
NightElfStephenColbert (teal | 65 APM | 386 actions | 05:57)
Hero icon 1 Priestess of the Moon
Ability icon 1 Searing Arrows

» actions
Assign group hotkey8
Basic commands2
Build / train20
Enter build submenu12
Enter hero's abilities submenu1
Right click208
Select / deselect67
Select group hotkey47
Use ability21
386 total
» units
Wisp13
Huntress3
16 total
» upgrades
Ultravision1
1 total
» buildings
Altar of Elders1
Moon Well2
Hunter's Hall1
Ancient of War1
Ancient Protector1
Tree of Ages1
Tree of Life1
8 total
» build order
00:04 Altar of Elders
00:10 Moon Well
01:14 Hunter's Hall
01:38 Ancient of War
02:31 Moon Well
03:09 Ancient Protector
05:04 Tree of Ages
05:50 Tree of Life
Random» OrcNewbCIA (orange | 38 APM | 1604 actions | 41:55)
Hero icon 5 Tauren Chieftain
Ability icon 2 War Stomp
Ability icon 3 Endurance Aura
Hero icon 4 Shadow Hunter
Ability icon 2 Healing Wave
Ability icon 2 Hex
Hero icon 2 Far Seer
Ability icon 1 Chain Lighting
Ability icon 1 Far Sight

» actions
Basic commands80
Build / train91
Enter build submenu48
Enter hero's abilities submenu11
Give item / drop item1
Remove unit from queue1
Right click594
Select / deselect639
Use ability139
1604 total
» units
Peon21
Grunt5
Troll Headhunter/Berserker11
Raider8
Forest Troll High Priest1
Kodo Beast1
Demolisher7
54 total
» upgrades
Armor2
Melee Weapons3
Pillage1
Ensnare1
Ranged Weapons3
Reinforced Defenses1
Burning Oil1
War Drums Damage Increase1
Troll Regeneration1
Berserker Upgrade1
Berserker Strength1
Envenomed Spears0
Liquid Fire1
17 total
» buildings
Altar of Storms1
Orc Burrow9
Barracks4
War Mill1
Voodoo Lounge1
Watch Tower19
Stronghold1
Beastiary3
Great Hall3
Fortress1
43 total
» build order
00:13 Altar of Storms
00:33 Orc Burrow
00:49 Barracks
01:57 War Mill
03:13 Orc Burrow
03:18 Orc Burrow
03:32 Voodoo Lounge
03:40 Watch Tower
04:39 Orc Burrow
04:41 Stronghold
07:11 Beastiary
07:23 Great Hall
08:28 Fortress
11:46 Orc Burrow
11:51 Watch Tower
12:01 Orc Burrow
13:56 Watch Tower
14:16 Beastiary
14:44 Barracks
15:06 Great Hall
16:35 Barracks
16:45 Orc Burrow
17:12 Watch Tower
17:16 Watch Tower
17:20 Watch Tower
17:31 Watch Tower
17:52 Watch Tower
19:23 Barracks
24:47 Great Hall
25:52 Watch Tower
26:24 Orc Burrow
27:13 Watch Tower
28:25 Watch Tower
28:28 Watch Tower
29:24 Beastiary
29:58 Watch Tower
32:34 Watch Tower
34:01 Watch Tower
34:04 Watch Tower
34:13 Orc Burrow
35:20 Watch Tower
36:56 Watch Tower
37:52 Watch Tower
» items
Healing Salve1
Periapt of Vitality1
2 total

Chat log

(00:08 / All) RedBaron: Is he orC?
(00:09 / Allies) veLhinhObr: purp is afk
(00:26 / Allies) NewbCIA: grunts tc raider
(00:34 / Allies) veLhinhObr: fiends to frost

(02:10 / Allies) veLhinhObr: ?
(02:20 / Allies) RedBaron: nigger
(02:43 / Allies) veLhinhObr: gogogo
(03:28 / Allies) veLhinhObr: atk tower
(03:32 / Allies) veLhinhObr: atk tower
(03:35 / Allies) StephenColbert: stfu
(04:23 / Allies) StephenColbert: lol

(05:52 / Allies) NewbCIA: good one stephen
(06:02 / Allies) veLhinhObr: lol
(06:19 / Allies) NewbCIA: mine

(07:28 / Allies) NewbCIA: mien
(08:00 / Allies) veLhinhObr: wood pls

(09:10 / Allies) veLhinhObr: green
(09:11 / Allies) veLhinhObr: gold me pls
(09:30 / Allies) veLhinhObr: green
(09:31 / Allies) veLhinhObr: gold ??
(09:39 / Allies) RedBaron: I'm getting griffs
(09:48 / Allies) veLhinhObr: 3.7k
(09:49 / Allies) veLhinhObr: gold pls
(09:51 / Allies) veLhinhObr: for frosties
(10:31 / Allies) veLhinhObr: give me gold
(10:32 / Allies) veLhinhObr: '-'
(10:40 / Allies) veLhinhObr: go atk??

(11:50 / Allies) veLhinhObr: lol
(11:56 / Allies) veLhinhObr: u have 5k gold
(11:59 / Allies) veLhinhObr: give me gold
(12:05 / Allies) RedBaron: do you not know how to creep an expansion
(13:04 / Allies) veLhinhObr: get grephs
(13:05 / Allies) veLhinhObr: noob
(13:09 / Allies) veLhinhObr: use gold
(13:12 / Allies) veLhinhObr: 7k
(14:04 / Allies) veLhinhObr: lol
(14:09 / Allies) RedBaron: wow
(14:12 / Allies) RedBaron: that is a lot of towers
(14:16 / All) veLhinhObr: gg noobs
(14:24 / All) RedBaron: last act of a desperate man
(14:57 / Allies) veLhinhObr: dont control teal
(15:00 / Allies) veLhinhObr: i control please
(15:10 / Allies) RedBaron: wood
(15:34 / Allies) veLhinhObr: go
(15:52 / Allies) RedBaron: wood
(15:54 / Allies) RedBaron: stop being greedy
(16:06 / Allies) veLhinhObr: xit
(16:16 / Allies) veLhinhObr: dont control teal
(16:22 / Allies) veLhinhObr: tp green
(16:22 / Allies) veLhinhObr: please
(16:24 / Allies) veLhinhObr: now
(16:24 / Allies) veLhinhObr: tp
(16:40 / Allies) RedBaron: it was too risky
(16:53 / Allies) RedBaron: too risky
(16:54 / Allies) RedBaron: give me your lubmer
(16:59 / Allies) veLhinhObr: nb
(17:15 / Allies) veLhinhObr: go orange?
(17:21 / Allies) veLhinhObr: a have freezing
(17:32 / Allies) veLhinhObr: wtf?????
(17:59 / Allies) RedBaron: let's go
(18:02 / Allies) RedBaron: we need wyrms
(18:05 / Allies) RedBaron: for frost breath
(18:05 / Allies) veLhinhObr: wait me
(18:07 / Allies) veLhinhObr: wait me
(18:44 / Allies) RedBaron: let's go
(19:21 / All) RedBaron: noob
(19:22 / Allies) veLhinhObr: green
(19:24 / Allies) veLhinhObr: wtf ??
(19:25 / All) RedBaron: noob pink
(19:27 / Allies) veLhinhObr: you is noob?
(19:32 / Allies) veLhinhObr: i noob ??
(19:35 / All) RedBaron: yeah you are noob
(19:36 / Allies) veLhinhObr: u have 10k gold
(19:39 / Allies) veLhinhObr: and i noob ?
(19:41 / All) RedBaron: exactly
(19:43 / All) RedBaron: and you have 171
(19:45 / All) RedBaron: you are a noob
(19:53 / Allies) veLhinhObr: use gold and win
(19:53 / All) RedBaron: that's why you beg for gold
(19:55 / Allies) veLhinhObr: noob
(19:59 / All) RedBaron: can't even creep your own expansion
(20:15 / Allies) veLhinhObr: good green
(20:22 / Allies) veLhinhObr: you is loser
(20:28 / All) RedBaron: you are a gook

(21:28 / Allies) veLhinhObr: green
(21:29 / Allies) veLhinhObr: gold me pls
(21:31 / Allies) veLhinhObr: go win
(21:34 / Allies) veLhinhObr: i need sleep
(21:45 / All) RedBaron: get your own gold
(22:26 / All) RedBaron: you can't beat bats? not my problem

(23:57 / Allies) veLhinhObr: orange
(23:59 / Allies) veLhinhObr: gold pls ?
(24:11 / All) RedBaron: Are you a gypsy?>
(24:30 / Allies) veLhinhObr: ty

(25:33 / All) RedBaron: heh
(25:35 / All) RedBaron: he is noob
(25:40 / Allies) veLhinhObr: stop
(25:42 / Allies) veLhinhObr: fucking noob
(25:43 / All) RedBaron: make me
(25:43 / Allies) veLhinhObr: idiot
(25:45 / All) RedBaron: make me stop
(25:46 / All) RedBaron: noob
(25:52 / Allies) veLhinhObr: go 1x1 nb?
(26:00 / Allies) veLhinhObr: lol
(26:03 / Allies) veLhinhObr: i love noob
(26:04 / Allies) veLhinhObr: ^^
(26:06 / All) RedBaron: 2--1 lol

(27:34 / All) RedBaron: One dead DK
(27:35 / All) RedBaron: SPLAT
(27:42 / All) RedBaron: Crushed your like an insect
(27:43 / All) RedBaron: faggot

(29:07 / Allies) NewbCIA: mass ubnits?
(29:33 / All) veLhinhObr: green have 21k gold
(29:38 / All) veLhinhObr: UHHAUHUAUHAUH
(29:42 / All) veLhinhObr: VERY PRO PLAYER!!

(30:58 / All) RedBaron: is it more pro to beg for gold?
(31:03 / All) RedBaron: and not get your own expansion?
(31:09 / All) RedBaron: is that how the pros do it?
(32:05 / Allies) NewbCIA: green your an idot
(32:12 / Allies) NewbCIA: why didnt you just kill them
(32:14 / All) RedBaron: "green your an idot" sic

(34:52 / Allies) RedBaron: put a ward in middle
(34:57 / Allies) RedBaron: oh
(35:03 / Allies) RedBaron: you don't have witch doctor
(35:45 / Allies) NewbCIA: grren hit?
(35:49 / Allies) RedBaron: kill the bm

(37:03 / All) RedBaron: Okay orangea
(37:12 / All) RedBaron: since you ddin't get witch doctor and ward the middle
(37:14 / All) RedBaron: you will die
(37:24 / All) CraigH: NOOOO

(38:58 / Allies) NewbCIA: reeen finsh game

(40:16 / Allies) NewbCIA: omg
(40:16 / All) RedBaron: he's killing my lumber gatherers
(40:21 / All) RedBaron: I only have 10k lumber
(40:33 / Allies) NewbCIA: are you 12?
(40:37 / All) CraigH: dude .. your in trouble
(40:42 / All) CraigH: only 10K
(40:57 / All) NewbCIA: g
(40:57 / All) NewbCIA: g
(40:58 / All) NewbCIA: g
(40:58 / All) NewbCIA: g
(40:58 / All) NewbCIA: g
(40:58 / All) NewbCIA: g
(40:59 / All) NewbCIA: g
(40:59 / All) NewbCIA: g
(40:59 / All) NewbCIA: g
(41:00 / All) NewbCIA: g
(41:00 / All) NewbCIA: g
(41:01 / All) NewbCIA: g
(41:01 / All) NewbCIA: g
(41:01 / All) NewbCIA: g
(41:02 / All) NewbCIA: g
(41:02 / All) NewbCIA: g
(41:02 / All) NewbCIA: g
(41:03 / All) NewbCIA: g
(41:03 / All) NewbCIA: g
(41:03 / All) NewbCIA: g
(41:04 / All) NewbCIA: g
(41:04 / All) NewbCIA: g
(41:19 / All) CraigH: WTF
(41:35 / All) CraigH: Lemmings

(43:08 / All) CraigH: yes
(43:18 / All) CraigH: just kinda watching
(43:25 / All) orgrimmar.d: would u be willing to leave ur computer/internet on all night and possibly alll week?
(43:41 / All) orgrimmar.d: green and i are gonna kill all our units and leave one building on each side then leave game
(43:47 / All) CraigH: I have only done that for about 24 hrs
(44:07 / All) orgrimmar.d: could u try leaving ur comp on all night/week?
(44:10 / All) CraigH: when people were making ghost buildings
(44:17 / All) CraigH: not worth it
(44:18 / All) orgrimmar.d: ghos tbuildigns?
(44:23 / All) CraigH: a hack
(44:28 / All) CraigH: could not beat them
(44:37 / All) CraigH: people did it a little over a year ago
(45:04 / All) CraigH: some patch that made invisible(dithered) buildings that could not be hit
(45:27 / All) orgrimmar.d: if green and i did this
(45:32 / All) orgrimmar.d: how long would u keep ur computer/internet on?
(45:53 / All) CraigH: I don't know ... would you guys leave or what?
(46:00 / All) orgrimmar.d: yes,
(46:01 / All) CraigH: would it be a tie game?
(46:03 / All) RedBaron: well
(46:04 / All) RedBaron: well
(46:09 / All) RedBaron: I might let pink lose anyway
(46:12 / All) orgrimmar.d: if u leave blue u get a tie cuz pink left
(46:19 / All) orgrimmar.d: just give lue the win?
(46:24 / All) RedBaron: blue has 2500 games anyway
(46:29 / All) CraigH: lol
(46:33 / All) CraigH: true
(46:38 / All) orgrimmar.d: he is cool
(46:40 / All) orgrimmar.d: cooperative
(46:43 / All) RedBaron: So just give him the win?
(46:52 / All) orgrimmar.d: i say yes
(46:54 / All) RedBaron: Alright, gg